 Dungeon Crawl Stone Soup version 0.30-a0-939-gc8157cb160 (webtiles) character file.

Game seed: 11592234734808236665

579 cforsyth the Trooper (level 7, -8/36 (38) HPs)
             Began as a Vine Stalker Fighter on Mar 25, 2023.
             Was a Believer of Uskayaw.
             Mangled by a wight
             ... wielding a +3 battleaxe
              (15 damage)
             ... on level 5 of the Dungeon.
             The game lasted 00:06:50 (3770 turns).

cforsyth the Trooper (Vine Stalker Fighter)         Turns: 3770, Time: 00:06:51

HP:   -8/36 (38)    AC:  8    Str: 21    XL:     7   Next: 36%
MP:   0/8           EV:  9    Int:  8    God:    Uskayaw [**....]
Gold: 252           SH:  5    Dex: 13    Spells: 6/6 levels left

rFire   . . .      SeeInvis .    a - +0 rapier
rCold   . . .      Faith    .    c - +0 buckler
rNeg    . . .      Spirit   +    b - +0 scale mail
rPois   .          Reflect  .    h - +0 helmet
rElec   .          Rampage  .    (no cloak)
rCorr   .                        (no gloves)
Will    .....                    (no boots) Stlth
                                 (no amulet)
HPRegen 1.06/turn                (no ring)
MPRegen 0.11/turn                (no ring)

@: drained
A: fangs 2, regeneration 1, magic shield, antimagic bite, no potion heal 2
a: Renounce Religion, Stomp, Line Pass


You were on level 5 of the Dungeon.
You worshipped Uskayaw.
Uskayaw was noncommittal.
You visited 2 branches of the dungeon, and saw 6 of its levels.
You also visited: Sewer.

You collected 252 gold pieces.

Inventory:

Hand Weapons
 a - a +0 rapier (weapon)
Armour
 b - a +0 scale mail (worn)
 c - a +0 buckler (worn)
 h - a +0 helmet (worn)
Scrolls
 e - a scroll of teleportation
 g - 6 scrolls of identify
 m - a scroll of amnesia {unknown}
 r - 2 scrolls of fog {unknown}
 s - 2 scrolls of enchant weapon {unknown}
 u - a scroll of silence {unknown}
Potions
 d - a potion of might
 f - a potion of attraction {unknown}
 i - 5 potions of flight
 j - 2 potions of curing
 k - a potion of experience {unknown}
 l - a potion of berserk rage {unknown}
 n - a potion of cancellation {unknown}
 o - 2 potions of heal wounds {unknown}
 p - a potion of haste {unknown}
 q - 2 potions of mutation
 t - a potion of resistance {unknown}


   Skills:
 + Level 4.4 Fighting
 + Level 3.8 Short Blades
 + Level 3.9 Armour
 + Level 4.4 Shields


You had 6 spell levels left.
You didn't know any spells.
Your spell library contained the following spells:

 Spells                   Type           Power      Damage    Failure   Level
 Lesser Beckoning         Tloc           0%         N/A       92%         2
 Frozen Ramparts          Ice            0%         1d1       99%         3
 Gell's Gravitas          Tloc           0%         N/A       99%         3
 Teleport Other           Tloc           0%         N/A       99%         3
 Animate Dead             Necr           0%         N/A       100%        4
 Ice Form                 Ice/Tmut       0%         N/A       100%        4
 Summon Ice Beast         Ice/Summ       0%         N/A       100%        4
 Borgnjor's Vile Clutch   Necr/Erth      0%         N/A       100%        5
 Death Channel            Necr           0%         N/A       100%        6


Dungeon Overview and Level Annotations

Branches:
Dungeon (5/15)             Temple (1/1) D:4           Sewer (visited)

Altars:
Ashenzari
Elyvilon
Kikubaaqudgha
Sif Muna
Trog
Uskayaw
Wu Jian
Xom
The Shining One

Shops:
D:3 (


Innate Abilities, Weirdness & Mutations

You have extremely sharp teeth.
Your natural rate of healing is unusually fast.
When hurt, damage is shared between your health and your magic reserves.
Your bite disrupts and absorbs the magic of your enemies.
Potions cannot restore your health.


Message History

The wight hits you with a +3 battleaxe.
You can now pass through a line of other dancers.
You hit the wight.
The wight is severely damaged.
The wight misses you.
You hit the wight.
The wight is almost destroyed.
The wight hits you with a +3 battleaxe.
You hit the wight but do no damage. You bite the wight, but do no damage.
The wight is almost destroyed.
You block the wight's attack.
You closely miss the wight.
The wight is almost destroyed.
The wight closely misses you.
You closely miss the wight.
The wight is almost destroyed.
The wight hits you with a +3 battleaxe!!
* * * LOW HITPOINT WARNING * * *
You hear a shout!
You are too injured to fight recklessly!
You are too injured to fight recklessly!
You are too injured to fight recklessly!
You are too injured to fight recklessly!
You are too injured to fight recklessly!
You are too injured to fight recklessly!
You are too injured to fight recklessly!
You are too injured to fight recklessly!
You hit the wight but do no damage. You bite the wight. You drain its power.
You feel invigorated.
The wight is almost destroyed.
You hear a shout!
You hear an angry hiss.
An orc comes into view. It is wielding a +0 club.
An iguana comes into view.
The wight hits you with a +3 battleaxe!
* * * LOW HITPOINT WARNING * * *
Unknown command.
You closely miss the wight. Your bite misses the wight.
The wight is almost destroyed.
The wight hits you with a +3 battleaxe!!
You die...

. ... #####
#..#####......
#..z@<.......
#o########...


You could see a wight and an orc.

Vanquished Creatures
  3 scorpions
  A wight (D:4)
  An orc priest (D:3)
  An iguana (D:4)
  4 gnolls
  13 adders
  4 river rats (Sewer)
  3 worms
  3 dart slugs
  6 orcs
  10 ball pythons
  6 endoplasms
  4 giant cockroaches
  5 hobgoblins
  2 jackals (Sewer)
  A quokka (D:3)
  11 bats
  4 frilled lizards
  8 goblins
  7 kobolds
  8 rats
105 creatures vanquished.

Vanquished Creatures (others)
  11 plants (D:2)
  2 withered plants (D:2)
13 creatures vanquished.

Grand Total: 118 creatures vanquished

Notes
Turn   | Place    | Note
-------+----------+-------------------------------------------
     0 | D:1      | cforsyth the Vine Stalker Fighter began the quest for the
                  | Orb.
     0 | D:1      | Reached XP level 1. HP: 11/11 MP: 2/2
   166 | D:1      | You fall into a shaft and drop 1 floor!
   174 | D:2      | Reached XP level 2. HP: 16/16 MP: 3/3
   409 | D:1      | Reached XP level 3. HP: 20/20 MP: 4/4
   932 | D:2      | Found a faded altar of an unknown god.
  1400 | D:2      | Gained mutation: Your natural rate of healing is unusually
                  | fast. [Vine Stalker growth]
  1400 | D:2      | Reached XP level 4. HP: 19/24 MP: 5/5
  1723 | D:3      | Found Zoxeg's Antique Weapon Shoppe.
  1835 | D:3      | Reached XP level 5. HP: 24/24 MP: 4/6
  2053 | D:3      | Found a broken altar of Ashenzari.
  2282 | D:4      | Reached XP level 6. HP: 33/33 MP: 7/7
  2285 | D:4      | Found a staircase to the Ecumenical Temple.
  2356 | D:4      | Found a glowing drain.
  2366 | Sewer    | Entered a sewer
  3013 | Temple   | Entered the Ecumenical Temple
  3018 | Temple   | Became a worshipper of Uskayaw the Reveller
  3072 | D:4      | Reached * piety under Uskayaw
  3078 | D:4      | Reached ** piety under Uskayaw
  3147 | D:4      | Reached XP level 7. HP: 29/37 MP: 4/8
  3569 | D:5      | Entered Level 5 of the Dungeon
  3590 | D:4      | HP: 1/32 [wight/+0 battleaxe (1)]
  3770 | D:5      | Mangled by a wight

Illustrated notes

Levels and vault maps discovered:
D:1:      amcnicky_arrival_single_pillar, layout_loops_ring
D:2:      layout_loops_ring, ebering_ecumenical_altar_petrified, serial_rivers,
          chequers_serial_rivers_large_a, chequers_serial_rivers_micro_d,
          chequers_serial_rivers_room_b, chequers_serial_rivers_small_b,
          lexackson_kobold_supper
D:3:      layout_basic, overflow_temple_1_default, serial_shops, shop
D:4:      layout_rooms, temple_fountains, portal_sewer_entry_b, hex_tiny,
          minmay_misc_feat_alley, nicolae_half_adder
D:5:      layout_rooms, grunt_qazlal_sundering
Temple:   compressed_dpeg_triangle_lava_temple

Skill      XL: |  1  2  3  4  5  6 |
---------------+-------------------+-----
Short Blades   | 2 3 |  3.8
Fighting       | 3 4 |  4.4
Shields        | 3 4 |  4.4
Armour         | 3 |  3.9

Action                     |  1- 3 |  4- 6 |  7- 9 || total
---------------------------+-------+-------+-------++-------
  Melee: Rapier            |    99 |   245 |    57 ||   401
         Bite              |    22 |    60 |    13 ||    95
    Use: Scroll            |       |     5 |       ||     5
         Potion            |       |       |     1 ||     1
 Armour: Scale mail        |    31 |   143 |    13 ||   187
  Dodge: Dodged            |    61 |   123 |    19 ||   203
  Block: Buckler           |    30 |    62 |    11 ||   103

Table legend: (Time is in decaauts)
 A = Elapsed time spent in this place.
 B = Non-inter-level travel time spent in this place.
 C = Inter-level travel time spent in this place.
 D = Time resting spent in this place.
 E = Time spent auto-exploring this place.
 F = Levels seen in this place.
 G = Mean time per level.
                   A        B        C        D        E       F      G
               +--------+--------+--------+--------+--------+-----+--------+
         Total |   3994 |   3882 |    112 |    154 |   2661 |   7 |  570.6 |
       Dungeon |   3220 |   3109 |    111 |    154 |   2159 |   5 |  644.0 |
        Temple |     12 |     12 |      0 |      0 |      0 |   1 |   12.0 |
         Sewer |    761 |    761 |      0 |      0 |    501 |   1 |  761.0 |
               +--------+--------+--------+--------+--------+-----+--------+

Top non-repeatable levels by time:
     D:4: 981 daAuts
     D:2: 954 daAuts
   Sewer: 761 daAuts
     D:3: 649 daAuts
     D:1: 607 daAuts
     D:5: 26 daAuts
  Temple: 12 daAuts
